 Dungeon Crawl Stone Soup version 0.29.1-12-g30fa7ad0bf (webtiles) character file.

Game seed: 16566359125726947654

3400 H0rd4k the Martial Artist (level 10, -9/69 HPs)
             Began as an Octopode Artificer on Dec 20, 2022.
             Was an Initiate of Gozag.
             Mangled by an unseen horror simulacrum (30 damage)
             ... on level 9 of the Dungeon.
             The game lasted 00:11:32 (9198 turns).

H0rd4k the Martial Artist (Octopode Artificer)      Turns: 9198, Time: 00:11:34

Health: -9/69      AC:  9    Str: 15    XL:     10   Next: 4%
Magic:  18/18      EV: 13    Int: 18    God:    Gozag
Gold:   609        SH:  0    Dex: 13    Spells: 19/19 levels left

rFire   x . .      SeeInvis .     - Unarmed
rCold   x x .      Faith    .   (no shield)
rNeg    . . .      Spirit   .   (helmet restricted)
rPois   +          Reflect  .   C - amulet of Elemental Vulnerability {rPois rF-- rC-- AC+8}
rElec   .          Harm     .   b - ring of flight
rCorr   .          Rampage  .   E - ring "Juulit" {Wiz rC+ Str+4}
Will    .....                   B - ring of fire
Stlth   +++.......              (no ring)
HPRegen 0.21/turn               (no ring)
MPRegen 0.16/turn               (no ring)
                                (no ring)
                                (no ring)

@: gold aura, flying
A: almost no armour, amphibious, 8 rings, camouflage 1, gelatinous body 1,
(nimble swimmer 1), tentacles
a: Renounce Religion, Potion Petition, Call Merchant, Bribe Branch


You were on level 9 of the Dungeon.
You worshipped Gozag.
Gozag was pleased with you.
You visited 2 branches of the dungeon, and saw 10 of its levels.
You also visited: Sewer.

You collected 711 gold pieces.
You paid 102 gold pieces to Gozag.

Inventory:

Missiles
 m - 25 poisoned darts
 F - 6 curare-tipped darts
Magical Staves
 a - a staff of air
Jewellery
 b - a ring of flight (left tentacle)
 r - an amulet of regeneration
 B - a ring of fire (on tentacle)
 C - the amulet of Elemental Vulnerability (around mantle) {rPois rF-- rC-- AC+8}
   (You found it on level 7 of the Dungeon)

   [amulet of nothing]

   AC:        It affects your AC (+8).
   rF:        It makes you very vulnerable to fire.
   rC:        It makes you very vulnerable to cold.
   rPois:     It protects you from poison.
 E - the ring "Juulit" (right tentacle) {Wiz rC+ Str+4}
   (You took it off an orc wizard on level 8 of the Dungeon)

   [ring of wizardry]

   It improves your spell success rate.
   Str:       It affects your strength (+4).
   rC:        It protects you from cold.
Wands
 c - a wand of charming (10)
 D - a wand of flame (5)
Scrolls
 d - a scroll of blinking
 e - 4 scrolls of fog {unknown}
 f - 4 scrolls of teleportation {unknown}
 h - a scroll of amnesia {unknown}
 o - 2 scrolls of fear {unknown}
 p - 2 scrolls of vulnerability {unknown}
 q - a scroll of summoning {unknown}
 t - a scroll of enchant weapon {unknown}
 w - a scroll of poison {unknown}
 y - 2 scrolls of identify
 z - a scroll of acquirement {unknown}
 A - a scroll of brand weapon {unknown}
Potions
 g - 2 potions of lignification
 i - a potion of resistance
 j - a potion of flight {unknown}
 k - a potion of haste
 l - 4 potions of degeneration
 n - a potion of mutation
 s - a potion of attraction
 u - 4 potions of curing
 v - 2 potions of ambrosia {unknown}
 x - a potion of cancellation {unknown}


   Skills:
 * Level 6.9 Fighting
 - Level 2.3 Dodging
 - Level 1.3 Stealth
 + Level 10.3 Unarmed Combat
 * Level 5.4 Spellcasting
 - Level 3.2 Evocations


You had 19 spell levels left.
You didn't know any spells.
Your spell library contained the following spells:

 Spells                   Type           Power      Damage    Failure   Level
 Ensorcelled Hibernation  Hex/Ice        8%         N/A       8%          2
 Ozocubu's Armour         Ice            4%         N/A       16%         3
 Spider Form              Tmut/Pois      4%         N/A       16%         3
 Anguish                  Hex/Necr       2%         N/A       43%         4
 Cause Fear               Hex            2%         N/A       43%         4
 Metabolic Englaciation   Hex/Ice        2%         N/A       77%         5
 Dragon Form              Tmut           2%         N/A       100%        7
 Haunt                    Necr/Summ      2%         N/A       100%        7
 Infestation              Necr           2%         N/A       100%        8
 Dragon's Call            Summ           2%         N/A       100%        9
 Animate Dead             Necr           Unusable   N/A       N/A         4
 Simulacrum               Ice/Necr       Unusable   N/A       N/A         6

Dungeon Overview and Level Annotations

Branches:
Dungeon (9/15)             Temple (1/1) D:6           Sewer (visited)
   Lair: D:8-11         Orc: D:9-12

Altars:
Cheibriados
Dithmenos
Elyvilon
Fedhas
Gozag
Hepliaklqana
Kikubaaqudgha
Nemelex Xobeh
Okawaru
Qazlal
Ru
Sif Muna
Trog
Uskayaw
Vehumet
Wu Jian
Xom
Yredelemnul
Zin
The Shining One

Shops:
D:6 =   D:8 :

Annotations:
D:3 exclusion: downstairs
D:8 1 runed translucent door, exclusions: door and downstairs, TangoThomas's ghost, novice BaFE
D:9 Erolcha


Innate Abilities, Weirdness & Mutations

You cannot wear most types of armour.
You are amphibious.
You can wear up to eight rings at the same time.
Your skin changes colour to match your surroundings (Stealth+).
Your rubbery body absorbs attacks. (AC +1, EV +1)
((You are camouflaged when in or above water. (Stealth+)))
You have tentacles for arms and can constrict up to eight enemies at once.


Message History

Found 6 curare-tipped darts.
Found a scroll labelled SUMOME ETEUD.
You see here 6 curare-tipped darts.
F - 6 curare-tipped darts A centaur simulacrum, an ice beast, Erolcha and a wyvern come into view.
Erolcha is wielding a +0 giant club and carrying a wand of iceblast (4).
Found 16 gold pieces and a ring mail.
Erolcha shouts!
The wyvern hisses angrily.
Erolcha mumbles some strange words.
Erolcha flickers and vanishes!
Deactivating autopickup; reactivate with Ctrl-A.
An ice beast comes into view.
An ufetubus comes into view.
Found a stone staircase leading up.
The ufetubus shouts!
You hear a zap.
An iceblast appears from out of thin air!
The mass of ice explodes!
The iceblast engulfs you!!
You feel a painful chill!
The ufetubus hits you but does no damage.
The ufetubus closely misses you.
You bludgeon the ufetubus!
You kill the ufetubus!
Found 9 gold pieces.
An unseen horror simulacrum and a centaur simulacrum come into view.
The unseen horror simulacrum is distracted by your dazzling golden aura.
Press: ? - help, v - describe, . - travel An empty arch of ancient stone.
Unknown command.
Found a scroll labelled GIRUED OSAKO.
The unseen horror simulacrum is no longer distracted by gold.
The centaur simulacrum is distracted by your dazzling golden aura.
The unseen horror simulacrum closely misses you.
You tentacle-slap the unseen horror simulacrum but do no damage.
You grab the unseen horror simulacrum.
You constrict the unseen horror simulacrum.
The unseen horror simulacrum hits you but does no damage.
The unseen horror simulacrum hits you.
The unseen horror simulacrum freezes you!!
You feel a terrible chill!
You die...
Your body crumbles into a pile of gold.

......<....... #.#
.# .?.#......####
##### #.# #
.........##
#...###.#
...#...#..#
#...#...#
..$....#..# $
#.....###
.......##..#
#...### y.......
..# #...# ........
...#.####...####
#....Z@..$......
#.....#.........
..................
....Z.............
#.................
..................
..##.............
.. ..........?..


You could see a centaur simulacrum and an unseen horror simulacrum.

Vanquished Creatures
  Grinder (D:4)
  A wyvern (D:9)
  Menkaure (D:6)
  A steam dragon (D:7)
  2 water moccasins
  An ice beast (D:8)
  A sky beast (D:7)
  2 black bears
  3 ogres
  A kobold brigand (D:6)
  3 necrophages
  2 scorpions (D:6)
  5 bullfrogs
  5 howler monkeys
  3 hounds
  2 jellies
  2 orc priests
  3 iguanas
  Natasha (thrice) (D:4)
  5 orc wizards
  3 gnolls (D:8)
  15 adders
  3 white imps
  An ufetubus (D:9)
  2 worms
  2 dart slugs (D:4)
  17 orcs
  10 endoplasms
  11 giant cockroaches
  7 goblins
  6 hobgoblins
  2 jackals (D:1)
  20 quokkas
  14 ball pythons
  7 bats
  8 frilled lizards
  8 kobolds
  4 rats
187 creatures vanquished.

Vanquished Creatures (collateral kills)
  A yak (D:9)
  Eustachio (D:4)
2 creatures vanquished.

Vanquished Creatures (others)
  A polar bear (D:9)
  3 plants (D:1)
4 creatures vanquished.

Grand Total: 193 creatures vanquished

Notes
Turn   | Place    | Note
-------+----------+-------------------------------------------
     0 | D:1      | H0rd4k the Octopode Artificer began the quest for the Orb.
     0 | D:1      | Reached XP level 1. HP: 13/13 MP: 1/1
   331 | D:1      | Reached XP level 2. HP: 18/18 MP: 1/3
   523 | D:1      | Reached skill level 1 in Spellcasting
  1218 | D:2      | Reached XP level 3. HP: 24/24 MP: 4/4
  1377 | D:2      | Reached skill level 1 in Unarmed Combat
  1717 | D:2      | Noticed a black bear
  1995 | D:2      | Found a faded altar of an unknown god.
  2976 | D:2      | Killed a black bear
  2977 | D:2      | Reached skill level 2 in Unarmed Combat
  2977 | D:2      | Reached XP level 4. HP: 15/30 MP: 5/7
  2977 | D:2      | Reached XP level 5. HP: 18/35 MP: 5/8
  4058 | D:4      | Reached skill level 3 in Unarmed Combat
  4128 | D:4      | Noticed an ogre
  4216 | D:4      | Reached XP level 6. HP: 26/42 MP: 9/9
  4649 | D:4      | Reached skill level 4 in Unarmed Combat
  4757 | D:4      | Found a stormy altar of Qazlal.
  4900 | D:4      | Noticed Natasha
  4906 | D:4      | Killed Natasha
  4907 | D:4      | Reached XP level 7. HP: 39/47 MP: 11/11
  4942 | D:4      | Noticed Grinder
  4943 | D:4      | Noticed Eustachio
  4962 | D:4      | Killed Eustachio
  4963 | D:4      | Reached skill level 5 in Unarmed Combat
  4972 | D:4      | Noticed Natasha
  4992 | D:4      | Killed Natasha
  4997 | D:4      | Noticed Natasha
  5003 | D:4      | Killed Natasha
  5072 | D:4      | Paralysed by Grinder for 5 turns
  5079 | D:4      | Killed Grinder
  5080 | D:4      | Reached skill level 6 in Unarmed Combat
  5080 | D:4      | Reached XP level 8. HP: 42/54 MP: 13/13
  5152 | D:5      | Entered Level 5 of the Dungeon
  5271 | D:5      | Found a glowing drain.
  5287 | Sewer    | Entered a sewer
  5662 | Sewer    | Reached skill level 7 in Unarmed Combat
  5716 | D:5      | Reached skill level 5 in Fighting
  6045 | D:5      | Found an ancient bone altar of Kikubaaqudgha.
  6051 | D:5      | Found a hazy altar of Hepliaklqana.
  6059 | D:5      | Found a glowing golden altar of the Shining One.
  6059 | D:5      | Found a shimmering blue altar of Sif Muna.
  6066 | D:5      | Found an iron altar of Okawaru.
  6275 | D:6      | Found Kops's Jewellery Shop.
  6325 | D:6      | Found a staircase to the Ecumenical Temple.
  6342 | Temple   | Entered the Ecumenical Temple
  6405 | Temple   | Became a worshipper of Gozag Ym Sagoz the Greedy
  6693 | D:6      | Reached skill level 8 in Unarmed Combat
  6693 | D:6      | Noticed Menkaure
  6705 | D:6      | Reached XP level 9. HP: 23/61 MP: 15/15
  6760 | D:6      | Killed Menkaure
  7098 | D:7      | Found a shimmering altar of Xom.
  7098 | D:7      | Noticed an angel
  7102 | D:7      | Found a glowing silver altar of Zin.
  7296 | D:7      | Found the amulet of Elemental Vulnerability {rPois rF--
                  | rC-- AC+8}
  7433 | D:7      | Reached skill level 9 in Unarmed Combat
  7838 | D:8      | Reached skill level 5 in Spellcasting
  8235 | D:8      | Identified the ring "Juulit" {Wiz rC+ Str+4}
  8403 | D:8      | Found a runed translucent door.
  8429 | D:8      | Found Luemebu's Self-Improvement Boutique.
  8934 | D:8      | Reached skill level 10 in Unarmed Combat
  8999 | D:8      | Found a shimmering altar of Xom.
  8999 | D:8      | Noticed a +0 quarterstaff of chaos
  8999 | D:8      | Noticed TangoThomas's ghost (novice BaFE)
  9139 | D:9      | Noticed a polar bear
  9155 | D:9      | Reached XP level 10. HP: 37/69 MP: 16/18
  9179 | D:9      | Noticed Erolcha
  9198 | D:9      | Mangled by an unseen horror simulacrum

Illustrated notes

Levels and vault maps discovered:
D:1:      elethiomel_arrival_shortcut, layout_basic, serial_forest,
          infiniplex_forest_side_room, infiniplex_forest_lined_3,
          infiniplex_forest_lined_3, infiniplex_forest_lined_4_way,
          infiniplex_forest_clump_small, infiniplex_forest_straight_2,
          infiniplex_forest_lined_2, infiniplex_forest_lined_3
D:2:      layout_loops_ring, nicolae_ecumenical_lake_church
D:3:      layout_basic
D:4:      layout_cave_pools, mainiacjoe_overflow_small_starburst, uniq_natasha,
          uniq_eustachio, uniq_grinder
D:5:      layout_cave_pools, nicolae_overflow_hallway_of_the_gods,
          portal_sewer_entry_f
D:6:      layout_loops_ring, minmay_temple_entry_glassed_door, serial_shops,
          kennysheep_mini, uniq_menkaure
D:7:      layout_gridville, grunt_temple_overflow_order_and_chaos_1,
          minivault_19
D:8:      layout_loops_ring, ebering_ghost_xom, nicolae_shop_self_help
D:9:      layout_rooms, dpeg_lair_monsters, serial_ice, serial_ice_e,
          serial_ice_a, serial_ice_i, serial_ice_b, uniq_erolcha
Temple:   nicolae_temple_godzebo

Skill      XL: |  1  2  3  4  5  6  7  8  9 |
---------------+----------------------------+-----
Spellcasting   | 1 2 3 4 5 |  5.4
Fighting       | 2 3 4 5 6 |  6.9
Unarmed Combat | 2 3 4 6 8 10 | 10.3
Dodging        | |  2.3
Stealth        | |  1.3
Evocations     | |  3.2

Action                   |  1- 3 |  4- 6 |  7- 9 | 10-12 || total
-------------------------+-------+-------+-------+-------++-------
Melee: Unarmed           |   102 |   100 |   308 |     2 ||   512
       Constrict         |    27 |    25 |    59 |     1 ||   112
       Tentacles         |    19 |    25 |    73 |       ||   117
       Punch             |     1 |     1 |    19 |       ||    21
Evoke: Wand              |     7 |     6 |    12 |     2 ||    27
  Use: Scroll            |       |       |     7 |       ||     7
 Stab: Sleeping          |    11 |     8 |    15 |       ||    34
       Distracted        |       |       |     2 |       ||     2
Armor: Skin              |     8 |     6 |    34 |     2 ||    50
Dodge: Dodged            |    50 |    49 |   168 |     2 ||   269
